 Dungeon Crawl Stone Soup version 0.19-a0-722-g27ac516 (webtiles) character file.

114 mopl the Insei (level 4, -5/38 HPs)
             Began as a Naga Transmuter on June 21, 2016.
             Killed from afar by an orc wizard (9 damage)
             ... with a magic dart
             ... on level 3 of the Dungeon.
             The game lasted 00:05:06 (2150 turns).

mopl the Insei (Naga Transmuter)                    Turns: 2150, Time: 00:05:06

Health: -5/38      AC:  2    Str: 12    XL:     4   Next: 97%
Magic:  5/7        EV: 19    Int: 14    God:
Gold:   61         SH:  0    Dex: 17    Spells: 3 memorised, 1 level left

rFire  . . .     SeeInvis +       - Unarmed
rCold  . . .     Gourm    .     (armour currently unavailable)
rNeg   . . .     Faith    .     (shield currently unavailable)
rPois  x         Spirit   .     (helmet currently unavailable)
rElec  .         Dismiss  .     (cloak currently unavailable)
rCorr  .         Reflect  .     (gloves currently unavailable)
SustAt .         Harm     .     (no barding)
MR     .....                    (no amulet)
Stlth  ++........               (no ring)
                                (no ring)

@: spider-form (expiring), not resistant to hostile enchantments, unstealthy
A: see invisible, (deformed body), (poison resistance), (slowness 0), slow
metabolism 1, spit poison 2, AC +1
a: Spit Poison, End Transformation


You were on level 3 of the Dungeon.
You were hungry.
You were a venomous arachnid creature.
You visited 1 branch of the dungeon, and saw 3 of its levels.

You collected 61 gold pieces.

Inventory:

Missiles
 a - 35 arrows
 m - 25 poisoned needles
Armour
 b - a +0 robe (melded)
 i - a +0 shield
 l - a +0 cloak (melded)
Scrolls
 f - a scroll of recharging
 j - a scroll of teleportation {unknown}
 o - a scroll of remove curse {unknown}
 q - a scroll of enchant weapon {unknown}
Potions
 e - 3 potions of might {unknown}
 g - a potion of agility {unknown}
 h - a potion of cancellation {unknown}
 k - a potion of degeneration {unknown}
Books
 c - a book of Changes

   Spells                             Type                      Level
   a - Beastly Appendage              Transmutation                1
   b - Sticks to Snakes               Transmutation                2
   c - Spider Form                    Transmutation/Poison         3
   d - Ice Form                       Ice/Transmutation            4
   e - Blade Hands                    Transmutation                5
Comestibles
 d - a bread ration
 n - a meat ration


   Skills:
 - Level 1.0 Fighting
 - Level 1.5 Dodging
 * Level 4.5 Unarmed Combat
 - Level 2.0 Spellcasting
 - Level 3.0 Transmutations
 + Level 2.2 Poison Magic


You had one spell level left.
You knew the following spells:

 Your Spells              Type           Power        Failure   Level  Hunger
a - Beastly Appendage     Tmut           #.....       24%         1    ##.....
b - Spider Form           Tmut/Pois      #.........   45%         3    ####...
w - Sticks to Snakes      Tmut           #.......     28%         2    ###....


Dungeon Overview and Level Annotations

Branches:
Dungeon (3/15)

Altars:
Nemelex Xobeh
Ru


Innate Abilities, Weirdness & Mutations

You cannot wear boots.
((Your serpentine skin is tough. (AC +1)))
You have supernaturally acute eyesight. (SInv)
((Armour fits poorly on your strangely shaped body.))
((Your system is resistant to poisons. (rPois)))
((You cover ground very slowly.))
You have a slow metabolism.
You can spit poison.


Message History

* * * LOW HITPOINT WARNING * * *
The orc barely misses you.
Transmutations reached 3.
Currently training: Unarmed Combat(4.5), Poison Magic(2.2).
Choose a target skill level: You bite the orc wizard!
The orc wizard is poisoned.
The orc wizard is heavily wounded.
The orc wizard barely misses you. The orc completely misses you.
You hit the orc wizard but do no damage.
The orc wizard looks as sick as possible!
The orc wizard is severely wounded.
The orc misses you.
The orc wizard gestures wildly while chanting.
The orc wizard seems to speed up.
The orc hits you with a club.
* * * LOW HITPOINT WARNING * * *
You barely miss the orc wizard.
The orc wizard is severely wounded.
The orc wizard points at you and mumbles some strange words.
The magic dart hits you!
You die...

######## #......# #
#.#.########.#
#.#####.........so.#
#........<......oo...#
######.############.#
#.# # ###


You could see an orc wizard and 2 orcs.

Vanquished Creatures
  2 orc wizards
  An adder (D:2)
  A worm (D:2)
  2 giant geckos (D:1)
  9 bats
  2 giant cockroaches (D:1)
  4 goblins
  11 hobgoblins
  4 kobolds (D:1)
  5 giant newts
  7 rats
48 creatures vanquished.

Notes
Turn   | Place    | Note
--------------------------------------------------------------
     0 | D:1      | mopl the Naga Transmuter began the quest for the Orb.
     0 | D:1      | Reached XP level 1. HP: 18/18 MP: 3/3
    76 | D:1      | Reached XP level 2. HP: 6/25 MP: 3/5
   917 | D:1      | Reached XP level 3. HP: 29/31 MP: 4/6
  1138 | D:1      | Learned a level 2 spell: Sticks to Snakes
  1142 | D:1      | Learned a level 3 spell: Spider Form
  1739 | D:2      | Found a sacrificial altar of Ru.
  1752 | D:2      | Reached skill level 4 in Unarmed Combat
  1752 | D:2      | Reached skill level 1 in Poison Magic
  1752 | D:2      | Reached XP level 4. HP: 34/38 MP: 4/7
  1883 | D:2      | Reached skill level 2 in Poison Magic
  1901 | D:2      | Found a sparkling altar of Nemelex Xobeh.
  2147 | D:3      | Reached skill level 3 in Transmutations
  2150 | D:3      | Killed from afar by an orc wizard

Vault maps used:
D:1:      onia_arrival_pyramid, minmay_tree_intersection, st_stairs_5
D:2:      nicolae_ru_great_annihilating_truth, nemelex_diamond_rough_becter
D:3:      first_bread, minmay_divided_ellipse

Skill      XL: |  1  2  3  4 |
---------------+-------------+-----
Unarmed Combat | 4 |  4.5
Poison Magic   | 1 2 |  2.2
Transmutations | 3 |  3.0
Fighting       | |  1.0
Dodging        | |  1.5
Spellcasting   | |  2.0

Action                   |  1- 3 |  4- 6 || total
-------------------------+-------+-------++-------
Melee: Unarmed           |   113 |    39 ||   152
       Headbutt          |     3 |       ||     3
       Punch             |       |     1 ||     1
 Cast: Beastly Appendage |    14 |     1 ||    15
       Spider Form       |     2 |     2 ||     4
 Abil: Spit Poison       |    13 |     2 ||    15
  Use: Scroll            |     1 |       ||     1
 Stab: Sleeping          |     1 |       ||     1
       Paralysed         |       |     2 ||     2
  Eat: Chunk             |     3 |     1 ||     4
Armor: Robe              |    18 |    12 ||    30
       Skin              |       |     1 ||     1
Dodge: Dodged            |    72 |    35 ||   107
